Map: [ESL] Tropical Sacrifice

Players

DnS - Winner!

  • Race: Protoss Protoss
  • Spawn Location: 7:00

trigger

  • Race: Protoss Protoss
  • Spawn Location: 1:00

Event: DreamHack SC2 Masters 2022 Valencia

VOD

Have the link to the VOD?

Description

Time

  • Played on: July 1, 2022, 9:48 a.m.
  • Length: 10:40

All games in this series

Show
View Real Time Build Order
Export as new Build Order

DnS Protoss - Winner!

Build Orders: Oracle Opening, Blink Stalkers 

Get SALT Encoding   

  12  0:00  Probe  
  13  0:12  Probe  
  14  0:18  Pylon  
  14  0:24  Probe (Chrono Boost)  
  15  0:37  Probe (Chrono Boost)  
  15  0:39  Gateway  
  16  0:47  Assimilator  
  16  0:48  Probe (Chrono Boost)  
  17  0:57  Probe (Chrono Boost)  
  18  1:06  Assimilator  
  18  1:09  Probe (Chrono Boost)  
  18  1:10  Pylon  
  19  1:17  Probe (Chrono Boost)  
  20  1:23  Probe  
  21  1:28  Cybernetics Core  
  21  1:35  Probe, Zealot  
  24  1:47  Probe  
  25  2:00  Probe  
  26  2:06  Stargate  
  26  2:11  Stalker  
  26  2:12  Probe  
  29  2:34  Nexus  
  29  2:40  Pylon  
  28  2:47  Oracle (Chrono Boost)  
  31  2:51  Warp Gate  
  31  2:58  Probe  
  32  3:02  Stalker  
  34  3:12  Probe  
  33  3:17  Shield Battery  
  33  3:24  Probe  
  33  3:26  Twilight Council  
  34  3:34  Gateway  
  34  3:40  Probe  
  37  3:55  Probe (Chrono Boost)  
  37  3:57  Probe (Chrono Boost)  
  37  3:59  Blink (Chrono Boost)  
  37  4:04  Probe (Chrono Boost)  
  37  4:07  Probe (Chrono Boost)  
  37  4:08  Gateway  
  39  4:12  Probe (Chrono Boost)  
  39  4:17  Probe (Chrono Boost)  
  42  4:26  Probe x2 (Chrono Boost)  
  42  4:31  Probe  
  43  4:34  Probe  
  42  4:39  Stalker x2  
  42  4:43  Probe  
  47  4:46  Probe  
  47  4:49  Robotics Facility  
  48  4:55  Probe  
  48  4:58  Probe  
  49  5:01  Nexus  
  49  5:06  Pylon  
  49  5:07  Probe  
  49  5:08  Pylon  
  49  5:12  Stalker  
  51  5:14  Stalker  
  51  5:18  Probe  
  51  5:21  Probe  
  53  5:28  Pylon  
  53  5:29  Stalker  
  53  5:31  Probe  
  53  5:33  Probe  
  53  5:35  Assimilator  
  57  5:39  Observer  
  57  5:41  Pylon  
  58  5:43  Probe  
  58  5:45  Stalker, Probe  
  58  5:47  Stalker  
  64  5:53  Pylon  
  64  5:55  Probe  
  65  5:57  Stalker  
  65  6:00  Probe  
  65  6:02  Forge  
  68  6:07  Probe  
  67  6:21  Probe (Chrono Boost)  
  67  6:22  Probe (Chrono Boost)  
  67  6:23  Stalker x3  
  74  6:26  Probe (Chrono Boost)  
  74  6:27  Charge  
  74  6:32  Probe (Chrono Boost)  
  76  6:33  Probe (Chrono Boost)  
  76  6:35  Protoss Ground Weapons Level 1 (Chrono Boost)  
  76  6:36  Probe (Chrono Boost)  
  76  6:37  Probe (Chrono Boost)  
  78  6:41  Probe  
  78  6:46  Probe  
  80  6:47  Probe  
  80  6:52  Gateway  
  80  6:53  Probe  
  80  6:54  Gateway  
  82  6:56  Gateway  
  82  6:57  Assimilator  
  82  6:58  Probe  
  82  6:59  Probe  
  82  7:00  Observer  
  85  7:01  Stalker  
  85  7:02  Stalker  
  85  7:05  Probe  
  88  7:08  Stalker  
  88  7:11  Shield Battery  
  88  7:14  Probe  
  89  7:15  Probe  
  89  7:21  Probe, Gateway x2  
  91  7:25  Stalker, Sentry  
  91  7:26  Probe  
  91  7:29  Probe  
  97  7:31  Assimilator  
  97  7:33  Pylon  
  97  7:34  Pylon  
  97  7:42  Templar Archives  
  97  7:43  Gateway  
  97  7:44  Gateway  
  97  7:48  Stalker x2  
  101  7:51  Pylon  
  101  7:52  Pylon  
  101  8:01  Nexus  
  101  8:03  Pylon  
  101  8:07  Observer  
  101  8:09  Zealot  
  101  8:10  Zealot x3  
  101  8:11  Protoss Ground Weapons Level 2 (Chrono Boost)  
  109  8:15  Warp Prism  
  111  8:20  High Templar x2, Zealot  
  111  8:22  Zealot  
  111  8:24  Archon  
  119  8:31  Observer  
  119  8:36  Pylon  
  119  8:40  High Templar  
  121  8:42  High Templar, Zealot x2  
  121  8:43  Zealot x3  
  121  8:46  Archon  
  133  8:55  Pylon  
  133  8:58  Photon Cannon  
  133  9:02  Photon Cannon, Zealot  
  133  9:03  Zealot x4  
  143  9:13  High Templar x2  
  143  9:14  Zealot x3  
  139  9:18  Archon  
  129  9:27  Zealot x5  
  137  9:41  Zealot  
  137  9:42  Zealot x2  
  135  9:50  Zealot x2  
  135  9:51  Zealot x5  
  125  10:02  Zealot  
  125  10:03  Zealot x2  
  125  10:07  Robotics Bay  
  125  10:13  Stalker x5  
  125  10:14  Stalker  
  135  10:28  Zealot x4  
  139  10:38  Stalker x4  
Show
View Real Time Build Order
Export as new Build Order

trigger Protoss 

Build Orders: Phoenix Opening 

Get SALT Encoding   

  12  0:00  Probe  
  13  0:12  Probe  
  14  0:20  Pylon  
  14  0:24  Probe  
  15  0:38  Probe (Chrono Boost)  
  15  0:41  Gateway  
  16  0:47  Probe (Chrono Boost), Assimilator  
  17  0:52  Probe (Chrono Boost)  
  18  1:04  Probe (Chrono Boost)  
  18  1:05  Assimilator  
  18  1:07  Pylon  
  19  1:13  Probe (Chrono Boost)  
  20  1:18  Probe  
  21  1:29  Cybernetics Core  
  21  1:30  Probe  
  22  1:34  Zealot  
  24  1:43  Probe  
  25  1:55  Probe  
  26  2:06  Stalker  
  29  2:13  Stargate  
  28  2:26  Nexus  
  29  2:30  Probe  
  29  2:34  Warp Gate  
  29  2:43  Pylon  
  29  2:47  Stalker  
  31  3:00  Phoenix (Chrono Boost)  
  31  3:01  Probe  
  32  3:13  Probe  
  32  3:17  Phoenix (Chrono Boost)  
  35  3:23  Shield Battery  
  35  3:25  Probe  
  36  3:37  Probe (Chrono Boost)  
  31  3:49  Probe x2 (Chrono Boost)  
  32  3:57  Stalker, Probe (Chrono Boost)  
  32  3:59  Probe (Chrono Boost)  
  32  4:01  Twilight Council  
  36  4:03  Probe  
  38  4:11  Probe (Chrono Boost), Gateway  
  38  4:15  Probe (Chrono Boost)  
  41  4:25  Probe x2 (Chrono Boost)  
  41  4:30  Probe (Chrono Boost)  
  40  4:32  Blink (Chrono Boost)  
  40  4:33  Probe (Chrono Boost)  
  40  4:45  Probe (Chrono Boost)  
  42  4:46  Stalker, Probe (Chrono Boost)  
  44  4:54  Probe (Chrono Boost)  
  44  4:56  Probe (Chrono Boost)  
  44  4:59  Probe  
  46  5:06  Probe  
  48  5:07  Stalker  
  48  5:11  Probe  
  51  5:18  Probe  
  52  5:23  Probe  
  52  5:26  Nexus  
  52  5:28  Pylon  
  51  5:30  Sentry, Probe  
  54  5:43  Pylon  
  54  5:45  Phoenix, Assimilator  
  54  5:46  Probe, Gateway  
  57  5:50  Stalker  
  57  5:52  Probe  
  57  5:56  Stalker  
  62  6:00  Shield Battery  
  63  6:04  Probe x2  
  63  6:07  Pylon  
  62  6:16  Probe  
  63  6:21  Stalker x2  
  63  6:22  Probe  
  68  6:28  Probe  
  68  6:31  Forge  
  67  6:37  Probe (Chrono Boost)  
  68  6:41  Probe (Chrono Boost), Robotics Facility  
  68  6:43  Probe (Chrono Boost)  
  69  6:47  Stalker x2  
  69  6:50  Stalker  
  69  6:52  Probe x2 (Chrono Boost)  
  69  6:53  Probe (Chrono Boost)  
  77  7:00  Probe  
  78  7:08  Probe  
  79  7:11  Stalker x2  
  79  7:12  Protoss Ground Weapons Level 1 (Chrono Boost), Probe  
  82  7:20  Probe  
  84  7:23  Stalker  
  84  7:25  Probe  
  84  7:26  Probe  
  84  7:28  Observer, Assimilator  
  84  7:29  Nexus  
  88  7:36  Stalker x2, Assimilator  
  92  7:40  Pylon  
  92  7:44  Pylon, Probe  
  93  7:57  Gateway  
  95  7:58  Observer, Probe  
  95  7:59  Gateway  
  95  8:01  Probe, Shield Battery  
  95  8:03  Stalker, Gateway  
  98  8:05  Stalker  
  98  8:06  Observer  
  98  8:09  Stalker  
  102  8:13  Probe  
  102  8:16  Probe  
  102  8:19  Assimilator  
  104  8:21  Charge  
  104  8:24  Photon Cannon  
  104  8:26  Probe  
  105  8:27  Pylon  
  105  8:33  Stalker x2  
  109  8:37  Pylon  
  109  8:41  Stalker, Probe x2 (Chrono Boost)  
  113  8:45  Probe x2 (Chrono Boost)  
  115  8:52  Probe (Chrono Boost)  
  115  8:53  Probe (Chrono Boost)  
  119  8:56  Stalker x2, Probe (Chrono Boost)  
  119  9:00  Probe (Chrono Boost)  
  119  9:01  Probe (Chrono Boost)  
  119  9:02  Stalker x2  
  128  9:03  Probe (Chrono Boost)  
  128  9:04  Probe (Chrono Boost)  
  128  9:06  Stalker  
  128  9:09  Probe (Chrono Boost)  
  133  9:14  Shield Battery  
  118  9:24  Stalker x3  
  118  9:25  Stalker x2  
  118  9:30  Stalker  
  128  9:34  Shield Battery  
  111  9:49  Stalker x5  
  115  9:56  Shield Battery  
  115  9:57  Stalker, Immortal  
  108  10:04  Probe  
  91  10:13  Stalker x5, Assimilator  
  84  10:14  Assimilator  
  84  10:21  Stalker, Shield Battery  
  72  10:36  Stalker x4  
  72  10:37  Stalker  

Tags
 
Add a new tag
Caveats
  • Supply blocks, unpowered buildings, or Contaminate may cause inaccurate times.
  • Supply counts are checked every 10 seconds.